 Dungeon Crawl Stone Soup version 0.30.1-4-g462c640d31 (webtiles) character file.

Game seed: 4391799254026329925

90406 growler the Warrior (level 15, -3/126 HPs)
             Began as a Felid Conjurer on Aug 10, 2023.
             Was the Champion of Vehumet.
             Slain by a spark wasp (4 damage)
             ... on level 1 of the Spider Nest.
             The game lasted 02:29:48 (38856 turns).

growler the Warrior (Felid Conjurer)               Turns: 38856, Time: 02:29:49

Health: -3/126     AC: 16    Str: 13    XL:     15   Next: 52%
Magic:  14/37      EV: 16    Int: 26    God:    Vehumet [******]
Gold:   2078       SH:  0    Dex: 22    Spells: 1/30 levels left
                                        Lives:  0   Deaths: 4

rFire   + +          +
                       - Unarmed
rCold   . . .        (shield unavailable)
rNeg    . . .        (body armour unavailable)
rPois   +            (helmet unavailable)
rElec   +            (cloak unavailable)
rCorr   +            (gloves unavailable)
SInv    +            (boots unavailable)
Will    +....        D - amulet of regeneration
Stlth   ++++         j - ring "Vucaxirph" {Fly rPois rF+ Will- Dex+6}
HPRegen 1.21/turn    y - ring of magical power
MPRegen 0.25/turn

%: no passive effects
@: dragon-form, resistant, flying, studying Fighting
A: dragon claw, dragon scales, breathe fire, flying, boosted hp, giant, (claws
1), (fangs 3), see invisible, (speed 1), (shaggy fur 3), (stealthy paws), no
weapons or thrown items, no armour, multi-lived
a: Breathe Fire, End Transformation, Renounce Religion


You were on level 1 of the Spider Nest.
You worshipped Vehumet.
Vehumet was exalted by your worship.
You were a fearsome dragon!
You visited 5 branches of the dungeon, and saw 24 of its levels.
You also visited: Gauntlet.

You collected 4067 gold pieces.
You spent 1989 gold pieces at shops.

Inventory:

Jewellery
 i - a +6 ring of dexterity
 j - the ring "Vucaxirph" (left foreclaw) {Fly rPois rF+ Will- Dex+6}
   (You found it in a Gauntlet)

   [ring of dexterity]

   Dex:       It affects your dexterity (+6).
   rF:        It protects you from fire.
   rPois:     It protects you from poison.
   Fly:       It grants you flight.
   Will:      It decreases your willpower.
 y - a ring of magical power (right foreclaw)
 D - an amulet of regeneration (around neck)
 E - an amulet of guardian spirit
 L - a +6 ring of strength
Wands
 d - a wand of acid (13)
 p - a wand of roots (3)
 q - a wand of flame (49)
 s - a wand of charming (22)
 w - a wand of digging (4)
 x - a wand of polymorph (4)
 H - a wand of mindburst (9)
Scrolls
 b - 2 scrolls of summoning
 c - 8 scrolls of identify
 f - 5 scrolls of poison
 l - a scroll of magic mapping
 m - 2 scrolls of fog
 n - 2 scrolls of torment
 o - 4 scrolls of immolation
 r - 7 scrolls of teleportation
 t - 3 scrolls of vulnerability
 v - 3 scrolls of amnesia
 z - 2 scrolls of blinking
 G - 2 scrolls of silence
 K - 2 scrolls of fear
Potions
 a - 5 potions of magic
 e - 3 potions of heal wounds
 g - 8 potions of mutation
 h - 5 potions of haste
 k - 5 potions of ambrosia
 u - 6 potions of flight
 A - 4 potions of might
 B - 2 potions of resistance
 C - 5 potions of curing
 F - 2 potions of brilliance
 I - 3 potions of lignification
 J - a potion of attraction {unknown}


   Skills:
 + Level 19.7 Fighting
 - Level 12.0 Dodging
 - Level 6.0 Stealth
 - Level 8.0 Unarmed Combat
 - Level 8.0 Spellcasting
 + Level 12.7 Conjurations
 - Level 9.0 Hexes
 - Level 9.0 Translocations
 + Level 13.6 Transmutations
 - Level 5.0 Earth Magic


You had one spell level left.
You knew the following spells:

 Your Spells              Type           Power      Damage    Failure   Level
a - Magic Dart            Conj           100%       1d8       1%          1
b - Searing Ray           Conj           100%       2d8       1%          2
c - Iron Shot             Conj/Erth      27%        9d6       6%          6
d - Fulminant Prism       Conj/Hex       30%        3d16      1%          4
e - Iskenderun's Mystic   Conj/Tloc      61%        2d13      1%          4
f - Blade Hands           Tmut           34%        N/A       1%          5
g - Dragon Form           Tmut           34%        N/A       19%         7

Your spell library contained the following spells:

 Spells                   Type           Power      Damage    Failure   Level
 Eringya's Noxious Bog    Tmut/Pois      22%        N/A       14%         6
 Apportation              Tloc           100%       N/A       1%          1
 Slow                     Hex            100%       N/A       1%          1
 Sting                    Tmut/Pois      100%       1d8       1%          1
 Necrotise                Necr           40%        1d6       5%          1
 Summon Small Mammal      Summ           40%        N/A       5%          1
 Ensorcelled Hibernation  Hex/Ice        66%        N/A       1%          2
 Passwall                 Tmut/Erth      46%        N/A       1%          2
 Confusing Touch          Hex            55%        N/A       1%          3
 Dazzling Flash           Conj/Hex       100%       N/A       1%          3
 Ignite Poison            Fire/Tmut/Pois 33%        N/A       1%          3
 Spider Form              Tmut/Pois      45%        N/A       1%          3
 Stone Arrow              Conj/Erth      100%       3d13      1%          3
 Volatile Blastmotes      Fire/Tloc      66%        2d15      1%          3
 Cause Fear               Hex            27%        N/A       1%          4
 Irradiate                Conj/Tmut      34%        3d23      1%          5
 Poisonous Vapours        Pois/Air       20%        N/A       2%          2
 Leda's Liquefaction      Hex/Erth       23%        N/A       3%          4
 Lee's Rapid Deconstruct  Erth           18%        3d11*     5%          5
 Freezing Cloud           Conj/Ice/Air   16%        6-21      7%          5
 Cigotuvi's Dreadful Rot  Necr/Pois/Air  20%        N/A       9%          2
 Anguish                  Hex/Necr       16%        N/A       9%          4
 Alistair's Intoxication  Tmut/Pois      30%        N/A       10%         5
 Olgreb's Toxic Radiance  Pois           10%        N/A       16%         4
 Call Canine Familiar     Summ           10%        N/A       17%         3
 Swiftness                Air            10%        N/A       17%         3
 Vampiric Draining        Necr           10%        2d6       17%         3
 Starburst                Conj/Fire      21%        6d7       17%         6
 Enfeeble                 Hex            27%        N/A       75%         7
 Lehudib's Crystal Spear  Conj/Erth      27%        10d7      90%         8
 Portal Projectile        Hex/Tloc       Unusable   N/A       N/A         3
 Animate Armour           Summ/Erth      Unusable   N/A       N/A         4

Dungeon Overview and Level Annotations

Branches:
Dungeon (15/15)            Temple (1/1) D:5            Lair (5/5) D:10
  Swamp (0/4) Lair:2       Spider (1/4) Lair:2        Slime (0/5) Lair:5
    Orc (2/2) D:10            Elf (0/3) Orc:2        Vaults (0/5) D:14
 Depths (0/4) D:15        Gauntlet (visited)

Altars:
Ashenzari
Cheibriados
Dithmenos
Elyvilon
Fedhas
Gozag
Hepliaklqana
Kikubaaqudgha
Makhleb
Nemelex Xobeh
Okawaru
Qazlal
Ru
Sif Muna
Trog
Uskayaw
Vehumet
Wu Jian
Xom
Yredelemnul
Zin
The Shining One
Jiyva

Shops:
D:5 **   D:8 :   Orc:1 *[   Orc:2 [=!*

Portals:
Trove: D:14 (give 6 potions of haste)

Annotations:
D:11 2 runed translucent doors
Lair:2 3 runed translucent doors, Grorgnorb's ghost, journeyman DjWn; Ypureis's ghost, journeyman GnCA
Lair:5 1 runed translucent door
Spider:1 Asterion


Innate Abilities, Weirdness & Mutations

You are a fearsome dragon!
You have a powerful clawing attack.
Your giant scaled body is strong and resiliant, but less evasive.
You can breathe fire.
You are flying.
Your maximum health is greatly increased.
((You have sharp claws.))
((You have razor-sharp teeth.))
You have supernaturally acute eyesight. (SInv)
((You cover ground quickly. (Speed+)))
((Your thick and shaggy fur keeps you warm. (AC +3, rC+)))
((Your paws help you pounce on unaware monsters.))
You are incapable of wielding weapons or throwing items.
You cannot wear armour.
You gain extra lives every three experience levels.


Message History

You erupt in a blast of force!
The mystic blast hits the redback!
The redback is heavily wounded.
The redback is knocked back by the mystic blast.
The mystic blast hits the steelbarb worm!
The steelbarb worm is moderately wounded.
The steelbarb worm is knocked back by the mystic blast.
The steelbarb worm slams into the rock wall!
The mystic blast hits the pharaoh ant!!
The pharaoh ant is heavily damaged.
The pharaoh ant is knocked back by the mystic blast.
The pharaoh ant collides with the orb spider!
The orb spider is lightly wounded.
The pharaoh ant is almost destroyed.
The mystic blast hits the spark wasp but does no damage.
The spark wasp is lightly wounded.
The mystic blast hits the redback!
The redback is heavily wounded.
The redback is knocked back by the mystic blast.
You hear a hideous shriek!
The spark wasp stings you!
* * * LOW HITPOINT WARNING * * *
The spark wasp shocks you. You resist.
* * * LOW HITPOINT WARNING * * *
A wolf spider comes into view.
The spark wasp closely misses you.
Blink to where?
Press: ? - help, Dir - move target A demonic crawler comes into view.
As you read the scroll of blinking, it crumbles to dust.
The spark wasp bursts into living lightning!
The living lightning hits you! You resist.
* * * LOW HITPOINT WARNING * * *
The spark wasp blinks! x2
You hear a skittering sound.
You feel much better. The spark wasp stings you!!
* * * LOW HITPOINT WARNING * * *
The spark wasp shocks you. You resist.
* * * LOW HITPOINT WARNING * * *
The spark wasp stings you.
You die...

....#...#......#..#....#...#..#..
.†.<..##...#.#...## #.#..##..#...
.††#..#†.#..##.#.. ...#.. .##..#
###....#...... .... ..
############# . . #. ###### #
###s.D.# .......yB# ## .
...##....# . .#.. # ###sw##
#....# #....s# #.#... ........#
...#. ^..#.#s.# s## #.#. # ##...#
.s..#... ##..# #!.#..


You could see a steelbarb worm, a spark wasp, a demonic crawler, a wolf spider
(wandering), an orb spider, a pharaoh ant and a redback.

Vanquished Creatures
  A stone giant (D:15)
  Nessos (D:15)
  A minotaur (Gauntlet)
  A spark wasp (Spider:1)
  Snorg (D:14)
  A great orb of eyes (Gauntlet)
  A fire dragon (D:15)
  2 catoblepae
  8 hydras
  4 ogre magi
  2 centaur warriors
  A jorogumo (Spider:1)
  A radroach (Spider:1)
  3 boulder beetles
  19 two-headed ogres
  3 tengu warriors
  11 death yaks
  An orc high priest (Orc:1)
  A skyshark (Lair:5)
  Sonja (D:10)
  An iron troll (D:14)
  A shadow wraith (D:14)
  2 pharaoh ants (Spider:1)
  A bog body (Lair:2)
  2 deep trolls (Orc:2)
  A wizard (D:15)
  A necromancer (D:15)
  An orc knight (D:15)
  An orc sorcerer (D:15)
  A wolf spider (Lair:5)
  10 cyclopes
  15 ugly things
  A worldbinder (Gauntlet)
  An oklob plant (Gauntlet)
  A manticore (shapeshifter) (D:14)
  2 manticores (D:11)
  A guardian serpent (Lair:5)
  A moth of wrath (Gauntlet)
  An elephant (shapeshifter) (D:13)
  20 elephants
  7 black mambas
  A torpor snail (Spider:1)
  5 rime drakes
  A gargoyle (D:12)
  3 kobold demonologists
  17 cane toads
  7 komodo dragons
  An unseen horror (D:12)
  2 tengu conjurers
  A freezing wraith (D:14)
  A wolf spider simulacrum (D:15)
  A queen bee (Lair:5)
  A meliai (shapeshifter) (D:15)
  11 polar bears
  12 trolls
  A snapping turtle (shapeshifter) (D:13)
  2 hornets (Lair:5)
  8 blink frogs
  3 meliai (Lair:5)
  12 dream sheep
  Grinder (D:3)
  2 tarantellas (Spider:1)
  4 culicivoras
  5 slime creatures (D:15)
  4 shadows
  28 yaks
  7 jumping spiders (Spider:1)
  3 vampires (D:12)
  12 wyverns
  A wraith (D:12)
  A steam dragon (D:9)
  5 redbacks
  3 basilisks
  Menkaure (D:6)
  7 vampire mosquitoes
  8 wargs
  2 acid dragons
  29 water moccasins
  17 hell hounds (Lair:5)
  9 ice beasts
  19 orc warriors
  A sky beast (shapeshifter) (D:14)
  11 black bears (Lair:5)
  2 sky beasts (D:6)
  2 boggarts
  23 ogres
  38 wolves
  9 centaurs
  A phantom (D:4)
  Blork the orc (D:5)
  2 kobold brigands
  2 gnoll sergeants
  5 scorpions
  14 bullfrogs
  5 wights (D:7)
  22 killer bees
  A howler monkey (D:13)
  2 hounds
  3 jellies
  20 orc priests
  3 sleepcaps
  3 gnoll boudas
  23 orc wizards
  Robin (D:3)
  21 gnolls
  7 adders
  2 white imps
  An ufetubus (D:6)
  2 worms
  2 dart slugs
  90 orcs
  5 endoplasms
  3 giant cockroaches
  17 goblins
  7 hobgoblins
  3 jackals (D:4)
  8 kobolds
  4 ball pythons
  A bat (D:1)
  3 frilled lizards
  5 rats
  A butterfly (Lair:1)
  A fulminant prism (Lair:4)
771 creatures vanquished.

Vanquished Creatures (others)
  157 fulminant prisms
157 creatures vanquished.

Grand Total: 928 creatures vanquished

Notes
Turn   | Place    | Note
-------+----------+-------------------------------------------
     0 | D:1      | growler the Felid Conjurer began the quest for the Orb.
     0 | D:1      | Reached XP level 1. HP: 7/7 MP: 4/4
   149 | D:1      | Reached XP level 2. HP: 11/11 MP: 4/6
   152 | D:1      | Learned a level 2 spell: Searing Ray
   666 | D:2      | Found a faded altar of an unknown god.
   962 | D:2      | Reached XP level 3. HP: 14/14 MP: 0/8
   966 | D:2      | Learned a level 3 spell: Dazzling Flash
  1455 | D:2      | Reached skill level 1 in Hexes
  1572 | D:2      | Reached XP level 4. HP: 18/18 MP: 1/9
  2005 | D:3      | Noticed Robin
  2011 | D:3      | Killed Robin
  2362 | D:3      | Noticed Grinder
  2363 | D:3      | Paralysed by Grinder for 5 turns
  2391 | D:3      | Paralysed by Grinder for 3 turns
  2413 | D:3      | Paralysed by Grinder for 3 turns
  2455 | D:3      | Killed Grinder
  2456 | D:3      | Reached skill level 5 in Conjurations
  2456 | D:3      | Reached XP level 5. HP: 21/21 MP: 0/11
  2456 | D:3      | Gained mutation: You are covered in thick fur. (AC +2)
                  | [Felid growth]
  2456 | D:3      | Reached XP level 6. HP: 24/24 MP: 0/12
  2551 | D:3      | Learned a level 4 spell: Fulminant Prism
  3696 | D:5      | Entered Level 5 of the Dungeon
  3713 | D:5      | Found a staircase to the Ecumenical Temple.
  3722 | Temple   | Entered the Ecumenical Temple
  3970 | Temple   | Became a worshipper of Vehumet
  3986 | D:5      | Reached skill level 5 in Hexes
  4199 | D:5      | Reached XP level 7. HP: 27/27 MP: 5/14
  4268 | D:5      | Learned a level 4 spell: Iskenderun's Mystic Blast
  4546 | D:5      | Reached skill level 1 in Translocations
  4926 | D:5      | Noticed Blork the orc
  4940 | D:5      | Killed Blork the orc
  5084 | D:5      | Found Beavis's Specific Store.
  5109 | D:5      | Found Ytotz's General Store.
  5184 | D:5      | Reached skill level 5 in Spellcasting
  5551 | D:6      | Reached * piety under Vehumet
  5551 | D:6      | Offered knowledge of Kiss of Death by Vehumet.
  5652 | D:6      | Reached XP level 8. HP: 31/31 MP: 11/16
  6246 | D:6      | Noticed Menkaure
  6249 | D:6      | Killed Menkaure
  6256 | D:6      | Reached skill level 5 in Translocations
  6270 | D:6      | Identified the +5 ring mail "Woocem" {rC+ Str+2 Dex+5}
  6284 | D:6      | Slain by a gnoll
  6285 | D:6      | Reached XP level 7. HP: 0/27 MP: 6/16
  6400 | D:6      | Noticed a wyvern
  6404 | D:6      | Killed a wyvern
  6425 | D:6      | Reached XP level 8. HP: 31/31 MP: 7/17
  7144 | D:6      | Offered knowledge of Freeze by Vehumet.
  7146 | D:6      | Reached ** piety under Vehumet
  7800 | D:7      | Reached XP level 9. HP: 34/34 MP: 14/19
  8162 | D:7      | Offered knowledge of Inner Flame by Vehumet.
  8967 | D:8      | Reached *** piety under Vehumet
  9121 | D:8      | Found Huetix's Self-Improvement Boutique.
  9229 | D:8      | Reached skill level 1 in Fighting
 10457 | D:9      | Reached skill level 2 in Fighting
 10806 | D:10     | Entered Level 10 of the Dungeon
 10865 | D:10     | Noticed a rime drake
 10866 | D:10     | Reached skill level 5 in Stealth
 10866 | D:10     | Noticed a centaur warrior
 10869 | D:10     | Offered knowledge of Ignite Poison by Vehumet.
 10870 | D:10     | Reached XP level 10. HP: 23/41 MP: 6/20
 11033 | D:10     | Reached skill level 5 in Dodging
 11069 | D:10     | Noticed Sonja
 11073 | D:10     | Killed Sonja
 11074 | D:10     | Reached skill level 3 in Fighting
 11100 | D:10     | Reached skill level 4 in Fighting
 11337 | D:10     | Shot with an arrow by a centaur warrior
 11338 | D:10     | Reached XP level 9. HP: -1/39 MP: 22/28
 11503 | D:10     | You fall into a shaft and drop 3 floors!
 11545 | D:13     | Noticed a komodo dragon
 11566 | D:13     | Killed a komodo dragon
 11600 | D:12     | Noticed a kobold demonologist
 11612 | D:12     | Noticed a gargoyle
 11622 | D:12     | Noticed a kobold demonologist
 11623 | D:12     | Noticed a two-headed ogre
 11628 | D:12     | Noticed a two-headed ogre
 11644 | D:12     | Noticed a troll
 11647 | D:12     | Noticed a red ugly thing
 11647 | D:12     | Noticed a purple ugly thing
 11670 | D:10     | HP: 1/39 [centaur warrior/arrow (17)]
 11671 | D:10     | Shot with an arrow by a centaur warrior
 11672 | D:10     | Reached XP level 8. HP: -23/36 MP: 8/27
 11900 | D:10     | Reached skill level 5 in Fighting
 11998 | D:10     | Killed a centaur warrior
 11999 | D:10     | Reached XP level 9. HP: 24/40 MP: 16/19
 12295 | D:10     | Found a stormy altar of Qazlal.
 12350 | D:10     | Reached **** piety under Vehumet
 12405 | D:10     | Learned a level 5 spell: Blade Hands
 12431 | D:10     | Reached skill level 6 in Fighting
 12431 | D:10     | Reached skill level 1 in Unarmed Combat
 12433 | D:10     | Offered knowledge of Sticky Flame by Vehumet.
 12606 | D:10     | Found a staircase to the Lair.
 13025 | D:10     | Reached XP level 10. HP: 46/46 MP: 20/20
 13071 | D:10     | Found a staircase to the Orcish Mines.
 13308 | D:11     | Noticed a boulder beetle
 13411 | D:11     | Noticed a two-headed ogre
 13437 | D:11     | Killed a two-headed ogre
 13438 | D:11     | Reached skill level 1 in Transmutations
 13547 | D:11     | Noticed a two-headed ogre
 13558 | D:11     | Noticed a manticore
 13559 | D:11     | Killed a two-headed ogre
 13630 | D:11     | Killed a manticore
 13758 | D:11     | Noticed a two-headed ogre
 13771 | D:11     | Killed a two-headed ogre
 13772 | D:11     | Reached skill level 7 in Fighting
 13869 | D:11     | Noticed a manticore
 13896 | D:11     | Killed a manticore
 13897 | D:11     | Reached skill level 10 in Dodging
 13960 | D:11     | Found a runed translucent door.
 14159 | D:11     | Found a runed translucent door.
 14188 | D:11     | Found an ornate altar of the Wu Jian Council.
 14350 | D:11     | Killed a boulder beetle
 14351 | D:11     | Reached XP level 11. HP: 50/50 MP: 9/21
 14722 | Lair:1   | Entered Level 1 of the Lair of Beasts
 15197 | Lair:1   | You fall into a shaft and drop 1 floor!
 15452 | Lair:2   | Noticed a seven-headed hydra
 16029 | Lair:1   | Noticed a catoblepas
 16074 | Lair:1   | Killed a catoblepas
 16289 | Lair:2   | Reached skill level 5 in Unarmed Combat
 16411 | Lair:2   | Reached skill level 8 in Fighting
 16483 | Lair:2   | Reached skill level 5 in Transmutations
 16575 | Lair:2   | Found a hole to the Spider Nest.
 16656 | Lair:2   | Found a runed translucent gate.
 16656 | Lair:2   | Found a runed translucent gate.
 16656 | Lair:2   | Found a runed translucent gate.
 16657 | Lair:2   | Noticed Ypureis's ghost (journeyman GnCA)
 16658 | Lair:2   | Noticed Grorgnorb's ghost (journeyman DjWn)
 16830 | Lair:2   | Killed a seven-headed hydra
 17151 | Lair:2   | Found a staircase to the Swamp.
 17152 | Lair:2   | Noticed a bog body
 17161 | Lair:2   | Killed a bog body
 18060 | Lair:2   | Gained mutation: Your thick and shaggy fur keeps you warm.
                  | (AC +3, rC+) [Felid growth]
 18060 | Lair:2   | Reached XP level 12. HP: 48/56 MP: 6/22
 18577 | Lair:3   | Reached skill level 9 in Fighting
 19119 | Lair:3   | Reached ***** piety under Vehumet
 20086 | Lair:3   | Offered knowledge of Iron Shot by Vehumet.
 20150 | Lair:3   | Learned a level 6 spell: Iron Shot
 20161 | Lair:3   | Identified a scroll of acquirement
 20165 | Lair:3   | Acquired 1168 gold pieces
 20260 | D:8      | Bought a manual of Fighting for 880 gold pieces
 20260 | D:8      | Bought a manual of Fighting for 880 gold pieces
 20395 | Lair:4   | Noticed a death yak
 20403 | Lair:4   | Noticed a death yak
 20403 | Lair:4   | Noticed a death yak
 20404 | Lair:4   | Noticed a death yak
 20406 | Lair:4   | Noticed a death yak
 20837 | Lair:4   | Noticed a death yak
 20837 | Lair:4   | Noticed a death yak
 20853 | Lair:4   | Killed a death yak
 20857 | Lair:4   | Killed a death yak
 20858 | Lair:4   | Reached skill level 10 in Fighting
 20893 | Lair:3   | Killed a death yak
 21575 | Lair:4   | Killed a death yak
 21577 | Lair:4   | Killed a death yak
 21773 | Lair:3   | Killed a death yak
 21774 | Lair:3   | Reached skill level 11 in Fighting
 21930 | Lair:4   | Killed a death yak
 22188 | Lair:4   | Noticed a boulder beetle
 22205 | Lair:4   | Killed a boulder beetle
 22206 | Lair:4   | Reached XP level 13. HP: 63/63 MP: 7/23
 22441 | Lair:5   | Entered Level 5 of the Lair of Beasts
 22801 | Lair:5   | Reached skill level 12 in Fighting
 23037 | Lair:5   | Reached skill level 10 in Conjurations
 23603 | Lair:5   | Reached skill level 13 in Fighting
 24910 | Lair:5   | Reached skill level 14 in Fighting
 25088 | Lair:5   | Offered knowledge of Iskenderun's Battlesphere by Vehumet.
 25648 | Lair:5   | Identified the +8 long sword of World's End {flame, Will+
                  | Int+3 Dex+3}
 25731 | Lair:5   | Reached XP level 14. HP: 72/72 MP: 9/27
 25821 | Lair:5   | Learned a level 7 spell: Dragon Form
 25978 | Lair:5   | Found a runed translucent door.
 25980 | Lair:5   | Found a viscous altar of Jiyva.
 25984 | Lair:5   | Found a staircase to the Slime Pits.
 26449 | Lair:5   | Reached skill level 1 in Earth Magic
 27055 | Lair:5   | Reached skill level 15 in Fighting
 28453 | Orc:1    | Entered Level 1 of the Orcish Mines
 28453 | Orc:1    | Found Ekonil's Antique Armour Shop.
 28921 | Orc:2    | Entered Level 2 of the Orcish Mines
 29178 | Orc:2    | Found a gate leading to a gauntlet.
 29211 | Gauntlet | Entered a Gauntlet
 29211 | Gauntlet | Found a transporter.
 29211 | Gauntlet | Found a transporter.
 29211 | Gauntlet | Found a runed translucent door.
 29211 | Gauntlet | Found a runed translucent door.
 29217 | Gauntlet | Found a transporter.
 29229 | Gauntlet | Found a transporter.
 29243 | Gauntlet | Found a large runed translucent door.
 29244 | Gauntlet | Found a large runed translucent door.
 29245 | Gauntlet | Found a large runed translucent door.
 29245 | Gauntlet | Found a large runed translucent door.
 29245 | Gauntlet | Found a large runed translucent door.
 29245 | Gauntlet | Found a large runed translucent door.
 29245 | Gauntlet | Found a large runed translucent door.
 29245 | Gauntlet | Found a large runed translucent door.
 29246 | Gauntlet | Found a runed translucent door.
 29246 | Gauntlet | Found a runed translucent gate.
 29247 | Gauntlet | Found a transporter.
 29247 | Gauntlet | Found a runed translucent gate.
 29247 | Gauntlet | Found a transporter.
 29247 | Gauntlet | Found a transporter.
 29249 | Gauntlet | Found a transporter.
 29249 | Gauntlet | Found a transporter.
 29262 | Gauntlet | Found a transporter.
 29278 | Gauntlet | Found a transporter.
 29288 | Gauntlet | Found a transporter.
 29305 | Gauntlet | Found a transporter.
 29336 | Gauntlet | Found a large runed translucent door.
 29336 | Gauntlet | Found a large runed translucent door.
 29336 | Gauntlet | Found a large runed translucent door.
 29336 | Gauntlet | Found a large runed translucent door.
 29336 | Gauntlet | Found a large runed translucent door.
 29336 | Gauntlet | Found a large runed translucent door.
 29337 | Gauntlet | Found a runed translucent gate.
 29337 | Gauntlet | Found a large runed translucent door.
 29337 | Gauntlet | Found a runed translucent door.
 29337 | Gauntlet | Found a large runed translucent door.
 29342 | Gauntlet | Found a transporter.
 29427 | Gauntlet | Identified the ring "Vucaxirph" {Fly rPois rF+ Will- Dex+6}
 29608 | Gauntlet | Paralysed by a great orb of eyes for 5 turns
 29612 | Gauntlet | Slain by a great orb of eyes
 29613 | Gauntlet | Reached XP level 13. HP: 0/70 MP: 33/35
 29778 | Gauntlet | Reached ****** piety under Vehumet
 29785 | Gauntlet | Paralysed by a great orb of eyes for 5 turns
 29914 | Gauntlet | Identified the amulet "Nyezineo" {Faith Rampage Str-3 Dex+4
                  | Stlth+}
 29948 | Gauntlet | Identified the +8 glaive of Anguish {pain, Dex+6}
 29948 | Gauntlet | Noticed a minotaur
 29979 | Gauntlet | Killed a minotaur
 30002 | Gauntlet | Identified the +0 hat of the Dungeon {*Corrode Regen+ Int+3
                  | Stlth+}
 30005 | Gauntlet | Got the Essays on the Repulsive Sixfirhy
 30208 | Orc:2    | Paralysed by an ogre mage for 3 turns
 30383 | Orc:2    | Reached skill level 16 in Fighting
 30387 | Orc:2    | Offered knowledge of Conjure Ball Lightning by Vehumet.
 30486 | Orc:2    | Found a staircase to the Elven Halls.
 30673 | Orc:2    | Reached XP level 14. HP: 46/75 MP: 4/27
 30736 | Orc:1    | Reached skill level 10 in Transmutations
 31255 | Orc:2    | Paralysed by an ogre mage for 4 turns
 31657 | Orc:2    | Found Jurosk's General Store.
 31663 | Orc:2    | Reached skill level 5 in Earth Magic
 31668 | Orc:2    | Found Nyureita's Distillery.
 31675 | Orc:2    | Found Sapuapom's Jewellery Emporium.
 31676 | Orc:2    | Found Iresutte's Armour Shoppe.
 32104 | Orc:1    | Found Nonow's Assorted Antiques.
 32288 | Orc:1    | Bought a scroll labelled VAPTEU CU PUFOTHRE for 33 gold
                  | pieces
 32293 | Orc:1    | Bought a scroll of identify for 66 gold pieces
 32877 | D:12     | Reached skill level 17 in Fighting
 32991 | D:12     | Identified the +9 long sword "Bely" {drain, Str+6}
 33278 | D:12     | HP: 1/76 [boulder beetle (37)]
 34832 | D:14     | Found a portal to a secret trove of treasure.
 35566 | D:14     | Noticed Snorg
 35585 | D:14     | Killed Snorg
 35586 | D:14     | Reached skill level 18 in Fighting
 36084 | D:14     | Found a gate to the Vaults.
 36325 | D:5      | Bought a potion of haste for 130 gold pieces
 36599 | D:15     | Entered Level 15 of the Dungeon
 36599 | D:15     | Noticed a sphinx
 36628 | D:15     | Noticed Nessos
 36646 | D:15     | Killed Nessos
 36684 | D:15     | Reached XP level 15. HP: 48/82 MP: 20/28
 36963 | D:15     | Found an ancient bone altar of Kikubaaqudgha.
 37019 | D:15     | Offered knowledge of Eringya's Noxious Bog by Vehumet.
 37252 | D:15     | Reached skill level 19 in Fighting
 37440 | D:15     | Found a staircase to the Depths.
 38357 | Spider:1 | Entered Level 1 of the Spider Nest
 38808 | Spider:1 | Noticed Asterion
 38855 | Spider:1 | HP: 2/126 [spark wasp/living lightning (7)]
 38856 | Spider:1 | Slain by a spark wasp

Illustrated notes

Levels and vault maps discovered:
D:1:      shiori_arrival_maze, layout_rooms
D:2:      layout_loops_ring, basic_ecumenical_altar
D:3:      layout_basic, uniq_robin, uniq_grinder
D:4:      layout_basic, corexii_shack, st_stairs_5
D:5:      layout_loops_ring, minmay_temple_entry_waves, nicolae_specific_store,
          uniq_blork_the_orc
D:6:      nicolae_BIG_FREAKIN_CUBE, layout_basic, grunt_ministairs_6,
          corexii_corridor_pit, minmay_increasing_density, uniq_menkaure
D:7:      nicolae_cairo_tiling_very_big, layout_cave_pools
D:8:      layout_loops_ring, nicolae_shop_self_help
D:9:      layout_basic, wad_floor_pattern_untrapped
D:10:     layout_small_grid, lemuel_doored_altar, hellmonk_lair_entry_icy,
          hiddenorc1_lemuel, uniq_sonja
D:11:     cheibrodos_histonic, layout_long_grid, nzn_wu_jian_contemplation
D:12:     layout_gridville, minmay_the_grid_square_5x5_3x3_mashed
          [minmay_the_grid_square_5x5_misaligned,
          minmay_the_grid_square_5x5_broken_cross,
          minmay_the_grid_square_5x5_inner_i,
          minmay_the_grid_square_5x5_beaten_path,
          minmay_the_grid_square_5x5_megaprize_hollow,
          minmay_the_grid_square_5x5_spiral_small,
          minmay_the_grid_square_5x5_n_small, minmay_the_grid_square_5x5_bridge,
          minmay_the_grid_square_5x5_minimal]
D:13:     layout_cross, onia_ninara_dug_in_and_dangerous
D:14:     layout_basic, david_vaults_4, minmay_misc_feat_tower,
          nicolae_trove_entry_isolated, minmay_misc_feat_diagonals, uniq_snorg
D:15:     hangedman_depths_entry_civil_slaughter, layout_loops_ring,
          special_room [special_room_orc], nicolae_kikubaaqudgha_miasma_corner,
          hellmonk_bongcloud_opening, minmay_large_rounded_square,
          minmay_misc_feat_chi, due_unseen_surprise, uniq_nessos
Temple:   nicolae_temple_the_god_donut
Lair:1:   layout_cave_shapes, chequers_serial_rivers_small_3,
          hibernation_bobbens, lemuel_fruit_fields
Lair:2:   layout_cellular_growth, skrybe_swamp_entry_bodies,
          spider_nest_entry_rubble, gammafunk_ghost_cemetery,
          lemuel_fruit_fields, grunt_megastairs_1, lemuel_fruit_fields,
          lemuel_fruit_tree
Lair:3:   layout_cave_pods, infiniplex_staircase_pool
Lair:4:   layout_regular_city, infiniplex_staircase_pool_2
Lair:5:   hangedman_lair_tendril_chambers, layout_hall_layers,
          hangedman_lair_caniforms_friends, slime_entry_2, special_room
          [special_room_bee], grunt_megastairs_2
Spider:1: nicolae_spider_hilbert_zone_4 [nicolae_spider_hilbert_4_sides_2_open,
          nicolae_spider_hilbert_4_sides_1_open,
          nicolae_spider_hilbert_4_sides_1_open,
          nicolae_spider_hilbert_4_sides_1_open,
          nicolae_spider_hilbert_4_sides_1_open,
          nicolae_spider_hilbert_2_sides_1_open,
          nicolae_spider_hilbert_2_sides_1_open,
          nicolae_spider_hilbert_2_sides_1_open,
          nicolae_spider_hilbert_2_sides_1_open,
          nicolae_spider_hilbert_6_sides_1_open,
          nicolae_spider_hilbert_6_sides_1_open,
          nicolae_spider_hilbert_3_sides_1_open,
          nicolae_spider_hilbert_3_sides_1_open], uniq_asterion
Orc:1:    layout_caves, serial_shops, shop, nicolae_shop_tiny_glass
Orc:2:    st_orc_open, layout_caves, gauntlet_entry_generic

Skill      XL: |  1  2  3  4  5  6  7  8  9 10 11 12 13 14 15 |
---------------+----------------------------------------------+-----
Conjurations   | 4 5 6 7 9 11 12 | 12.7
Spellcasting   | 3 4 5 6 8 |  8.0
Hexes          | 1 4 5 8 9 |  9.0
Translocations | 3 8 9 |  9.0
Dodging        | 8 9 10 11 12 | 12.0
Stealth        | 5 6 |  6.0
Fighting       | 5 6 7 8 11 16 18 19 | 19.7
Unarmed Combat | 2 4 6 8 |  8.0
Transmutations | 3 6 8 12 13 | 13.6
Earth Magic    | 4 5 |  5.0

Action                     |  1- 3 |  4- 6 |  7- 9 | 10-12 | 13-15 || total
---------------------------+-------+-------+-------+-------+-------++-------
  Melee: Unarmed           |     2 |    11 |    21 |    45 |   276 ||   355
         Bite              |       |       |     3 |     8 |    49 ||    60
         Punch             |       |       |       |     7 |    17 ||    24
         Tailslap          |       |       |       |       |    25 ||    25
   Cast: Magic Dart        |    76 |    90 |   280 |   143 |   230 ||   819
         Searing Ray       |     2 |     5 |    31 |    16 |     2 ||    56
         Dazzling Flash    |       |     1 |       |       |       ||     1
         Fulminant Prism   |       |       |    43 |    56 |    59 ||   158
         Iskenderun's Myst |       |       |    70 |   188 |   495 ||   753
         Blade Hands       |       |       |       |     2 |    10 ||    12
         Iron Shot         |       |       |       |       |    67 ||    67
         Dragon Form       |       |       |       |       |    18 ||    18
Ability: Breathe Fire      |       |       |       |       |     7 ||     7
         End Transformatio |       |       |       |       |     1 ||     1
  Evoke: Wand              |       |       |     2 |    16 |     5 ||    23
    Use: Scroll            |       |     2 |     7 |    15 |     8 ||    32
         Potion            |       |       |     1 |     3 |     4 ||     8
   Stab: Sleeping          |       |       |       |       |     3 ||     3
         Distracted        |       |       |       |       |     1 ||     1
 Armour: Skin              |       |       |     7 |     3 |    82 ||    92
  Dodge: Dodged            |     7 |    35 |   107 |   144 |   602 ||   895
